 Dungeon Crawl Stone Soup version 0.19.0-2-gae57169 (webtiles) character file.

261 Bsssss the Sneak (level 6, -2/42 HPs)
             Began as an Octopode Assassin on Nov 3, 2016.
             Slain by an ogre
             ... wielding a +0 giant club
              (4 damage)
             ... on level 4 of the Dungeon.
             The game lasted 00:12:53 (3574 turns).

Bsssss the Sneak (Octopode Assassin)                Turns: 3574, Time: 00:12:53

Health: -2/42      AC:  1    Str: 10    XL:     6   Next: 18%
Magic:  6/6        EV: 18    Int: 18    God:
Gold:   173        SH:  8    Dex: 21    Spells: 0 memorised, 5 levels left

rFire  . . .     SeeInvis .     a - +2 dagger
rCold  . . .     Gourm    .     l - +0 shield
rNeg   . . .     Faith    .     (helmet restricted)
rPois  .         Spirit   .     y - amulet of regeneration
rElec  .         Reflect  .     (no ring)
rCorr  .         Harm     .     (no ring)
MR     .....                    (no ring)
Stlth  ++++++....               (no ring)
                                (no ring)
                                (no ring)
                                (no ring)
                                (no ring)

@: brilliant, agile
A: almost no armour, stealthy swim, amphibious, 8 rings, constrict 8, camouflage
1, gelatinous body 1
a: no special abilities


You were on level 4 of the Dungeon.
You were not hungry.

You visited 2 branches of the dungeon, and saw 5 of its levels.

You collected 173 gold pieces.

Inventory:

Hand Weapons
 a - a +2 dagger (weapon)
 b - a +0 blowgun
 j - a +0 dagger of flaming
Missiles
 c - 8 poisoned needles
 d - 2 curare-tipped needles
 e - 50 sling bullets
 h - 28 bolts
 k - 5 javelins of penetration (quivered)
 m - 9 tomahawks
 n - 129 stones
 s - 2 needles of confusion
 G - 70 arrows
Armour
 l - a +0 shield (worn)
Jewellery
 y - an amulet of regeneration (around mantle)
Wands
 H - a wand of random effects (33/48)
Scrolls
 i - a scroll of random uselessness {unknown}
 p - 3 scrolls of enchant weapon {unknown}
 r - 2 scrolls of fog {unknown}
 t - 3 scrolls of recharging {unknown}
 v - a scroll of amnesia {unknown}
 w - 3 scrolls of magic mapping {unknown}
 x - 2 scrolls of identify
 E - 3 scrolls of fear {unknown}
 F - a scroll of teleportation {unknown}
 K - a scroll of blinking {unknown}
Potions
 o - a potion of agility
 q - 2 potions of brilliance
 u - a potion of experience {unknown}
 B - a potion of curing {unknown}
 C - a potion of magic {unknown}
 D - 2 potions of berserk rage {unknown}
 J - a potion of resistance {unknown}
Books
 A - a book of Cantrips

   Spells                             Type                      Level
   a - Confusing Touch                Hexes                        1
   b - Animate Skeleton               Necromancy                   1
   c - Summon Small Mammal            Summoning                    1
   d - Apportation                    Translocation                1
Comestibles
 f - 3 bread rations
 g - 3 meat rations
 z - a beef jerky
 I - 9 chunks of flesh


   Skills:
 + Level 3.0 Fighting
 * Level 2.6 Short Blades
 - Level 2.0 Throwing
 * Level 3.5 Dodging
 + Level 7.0 Stealth
 * Level 1.8 Shields


You had 5 spell levels left.
You didn't know any spells.

Dungeon Overview and Level Annotations

Branches:
Dungeon (4/15)             Temple (1/1) D:4

Altars:
Cheibriados
Elyvilon
Fedhas
Hepliaklqana
Kikubaaqudgha
Makhleb
Okawaru
Qazlal
Ru
Sif Muna
Trog
Vehumet
Xom
Yredelemnul
The Shining One


Innate Abilities, Weirdness & Mutations

You cannot wear most types of armour.
You are very stealthy in the water. (Stealth+)
You are amphibious.
You can wear up to eight rings at the same time.
You can use your tentacles to constrict eight enemies at once.
Your skin changes colour to match your surroundings (Stealth+).
Your rubbery body absorbs attacks. (AC +1, EV +1)


Message History

The ogre is heavily wounded.
The ogre misses you.
You hit the ogre.
The ogre is heavily wounded.
You barely miss the ogre.
The ogre is heavily wounded.
The ogre hits you with a giant club!!
Ouch! That really hurt!
* * * LOW HITPOINT WARNING * * *
You hit the ogre.
The ogre is severely wounded.
The ogre hits you with a giant club!
* * * LOW HITPOINT WARNING * * *
It was a potion of brilliance.
You feel clever all of a sudden. The ogre closely misses you.
It was a potion of agility.
You feel agile all of a sudden. The ogre hits you with a giant club.
You die...

###### ######### #....#
........#######....#
#####..............#
#).............# .
#..............# ..
#............### ...
#.........).@###...
#...........O.......
#####.............##....
....#.............#####.###.
..................))).......
.##.###.##.######.#####.....
.##.# #.##.....#..........##
.##.###..................
.##..#####.....#.........


You could see an ogre.

Vanquished Creatures
  A scorpion (D:3)
  A worker ant (D:4)
  5 gnolls (D:2)
  5 adders
  2 worms
  2 dart slugs (D:1)
  3 leopard geckos (D:3)
  6 orcs
  3 bats
  4 giant cockroaches
  10 goblins
  5 hobgoblins
  7 jackals
  7 kobolds
  5 quokkas
  3 ball pythons
  6 frilled lizards
  4 rats
79 creatures vanquished.

Notes
Turn   | Place    | Note
-------+----------+-------------------------------------------
     0 | D:1      | Bsssss the Octopode Assassin began the quest for the Orb.
     0 | D:1      | Reached XP level 1. HP: 14/14 MP: 1/1
   359 | D:1      | Reached XP level 2. HP: 19/19 MP: 2/2
  1046 | D:1      | Reached XP level 3. HP: 19/24 MP: 3/3
  1409 | D:2      | Reached skill level 1 in Shields
  1409 | D:2      | Reached XP level 4. HP: 22/30 MP: 4/4
  1542 | D:2      | Found a stormy altar of Qazlal.
  1555 | D:2      | Found a blossoming altar of Fedhas.
  1559 | D:2      | Reached skill level 6 in Stealth
  2169 | D:3      | Reached XP level 5. HP: 35/35 MP: 5/5
  2874 | D:4      | Found a sacrificial altar of Ru.
  2977 | D:4      | Found a staircase to the Ecumenical Temple.
  2984 | Temple   | Entered the Ecumenical Temple
  3156 | D:4      | Reached XP level 6. HP: 41/42 MP: 6/6
  3454 | D:4      | Reached skill level 7 in Stealth
  3497 | D:4      | Found an iron altar of Okawaru.
  3572 | D:4      | HP: 1/42 [ogre/giant club (12)]
  3574 | D:4      | Slain by an ogre

Skill      XL: |  1  2  3  4  5  6 |
---------------+-------------------+-----
Dodging        | 2 3 |  3.5
Shields        | 1 |  1.8
Stealth        | 6 7 |  7.0
Fighting       | 3 |  3.0
Short Blades   | |  2.6
Throwing       | |  2.0

Action                   |  1- 3 |  4- 6 || total
-------------------------+-------+-------++-------
Melee: Dagger            |    53 |   111 ||   164
       Constrict         |    13 |    26 ||    39
       Tentacles         |     5 |    24 ||    29
  Use: Potion            |     1 |     2 ||     3
       Scroll            |     1 |       ||     1
 Stab: Sleeping          |    11 |    15 ||    26
       Distracted        |       |     2 ||     2
  Eat: Chunk             |     1 |     7 ||     8
Armor: Skin              |     2 |     1 ||     3
Dodge: Dodged            |    34 |    40 ||    74
Block: Shield            |    15 |    32 ||    47
